 Dungeon Sprint DCSS version 0.31-a0-1-g4198be8af4 (webtiles) character file.

Game seed: 12937686056873499594

10807 fozzywoppz the Peltast (level 11, -3/101 HPs)
             Began as a Formicid Fighter on May 1, 2023.
             Was the Champion of Okawaru.
             Killed from afar by a merfolk aquamancer (37 damage)
             ... with a torrent of water
             ... in the Dungeon (Sprint V: "Ziggurat Sprint").
             The game lasted 00:07:55 (523 turns).

fozzywoppz the Peltast (Formicid Fighter)            Turns: 523, Time: 00:07:57

Health: -3/101     AC: 30    Str: 29    XL:     11   Next: 99%
Magic:  0/19       EV: 12    Int:  8    God:    Okawaru [******]
Gold:   0          SH: 31    Dex: 19    Spells: 10/10 levels left

rFire   + . .        B - +16 obsidian axe {drain, demonic, Mesm Drain Fly SInv}
rCold   + . .        E - +3 tower shield
rNeg    . . .        D - +5 gold dragon scales
rPois   +            (helmet unavailable)
rElec   .            (no cloak)
rCorr   .            L - +2 pair of gloves {infuse}
SInv    +            (no boots)
Will    +....        a - amulet of reflection Stlth
                     u - +6 ring of dexterity
HPRegen 0.36/turn    y - +6 ring of strength
MPRegen 0.16/turn

%: reflection
@: heroic, flying, mesmerised, studying 2 skills
A: permanent stasis, dig shafts and tunnels, antennae 3, four strong arms,
clumsy 1
a: Dig, Renounce Religion, Heroism, Finesse


You were in the Dungeon.
You worshipped Okawaru.
Okawaru was exalted by your worship.
You visited 1 branch

Inventory:

Hand Weapons
 B - the +16 obsidian axe (weapon) {drain, demonic, Mesm Drain Fly SInv}
   (You found it in the Dungeon)

   Mesm:      Its wielder is mesmerised by any visible foes, and it cannot be
   unequipped while any foes are visible.
   SInv:      It lets you see invisible.
   Fly:       It grants you flight.
   Drain:     It drains your maximum health when unequipped.
 C - a +5 executioner's axe
 J - the +7 battleaxe "Japs" {venom, *Corrode rC++ rN+ Str-2}
   (You found it in the Dungeon)

   Str:       It affects your strength (-2).
   rC:        It greatly protects you from cold.
   rN:        It protects you from negative energy.
   *Corrode:  It may corrode you when you take damage.
Missiles
 l - 3 silver javelins
Armour
 D - +5 gold dragon scales (worn)
 E - a +3 tower shield (worn)
 F - the orb "Adiwkaq" {mayhem, Fly rCorr}
   (You found it in the Dungeon)

   Fly:       It grants you flight.
   rCorr:     It protects you from acid and corrosion.
 L - a +2 pair of gloves of infusion (worn)
Jewellery
 a - an amulet of reflection (around neck)
 b - the ring "Waolim" {Fire Int-4 Dex+6}
   (You found it in the Dungeon)

   [ring of fire]

   It enhances your fire magic.
   Int:       It affects your intelligence (-4).
   Dex:       It affects your dexterity (+6).
   rF:        It protects you from fire.
   rC:        It makes you vulnerable to cold.
 c - a ring of positive energy
 t - a ring of wizardry
 u - a +6 ring of dexterity (left hand)
 x - an amulet of guardian spirit
 y - a +6 ring of strength (right hand)
 z - a +6 ring of strength
Wands
 q - a wand of mindburst (14)
 r - a wand of iceblast (2)
 s - a wand of acid (12)
 G - a wand of flame (18)
Scrolls
 h - 4 scrolls of blinking
 m - 4 scrolls of amnesia
 n - 7 scrolls of fog
 o - 5 scrolls of identify
 p - 2 scrolls of fear
Potions
 d - 6 potions of might
 e - 10 potions of curing
 f - 18 potions of heal wounds
 g - 7 potions of magic
 i - 2 potions of brilliance
 j - 2 potions of invisibility
 k - 4 potions of resistance
Miscellaneous
 A - a lightning rod (4/4)


   Skills:
 + Level 14.7(19.7) Fighting
 + Level 13.4(18.4) Axes
 + Level 7.8(12.8) Throwing
 - Level 13.4(18.4) Armour
 + Level 7.1(12.1) Dodging
 - Level 15.7(20.7) Shields
 - Level 11.6 Invocations


You had 10 spell levels left.
You didn't know any spells.
Your spell library contained the following spells:

 Spells                   Type           Power      Damage    Failure   Level
 Dazzling Flash           Conj/Hex       0%         N/A       100%        3
 Stone Arrow              Conj/Erth      0%         3d7       100%        3
 Volatile Blastmotes      Fire/Tloc      0%         2d10      100%        3
 Iskenderun's Mystic Bla  Conj/Tloc      0%         2d3       100%        4
 Leda's Liquefaction      Hex/Erth       0%         N/A       100%        4
 Petrify                  Tmut/Erth      0%         N/A       100%        4
 Lee's Rapid Deconstruct  Erth           0%         3d4*      100%        5
 Metabolic Englaciation   Hex/Ice        0%         N/A       100%        5
 Starburst                Conj/Fire      0%         6d3       100%        6
 Statue Form              Tmut/Erth      0%         N/A       100%        6
 Lehudib's Crystal Spear  Conj/Erth      0%         10d2      100%        8
 Animate Armour           Summ/Erth      Unusable   N/A       N/A         4

Dungeon Overview and Level Annotations

Branches:
Dungeon (1/1)

Altars:
Ashenzari
Cheibriados
Dithmenos
Elyvilon
Fedhas
Gozag
Hepliaklqana
Kikubaaqudgha
Makhleb
Nemelex Xobeh
Okawaru
Qazlal
Ru
Sif Muna
Trog
Uskayaw
Vehumet
Wu Jian
Xom
Yredelemnul
Zin
The Shining One
Jiyva
Lugonu

Annotations:
D 1 transporter


Innate Abilities, Weirdness & Mutations

You cannot be hasted, slowed, berserked, paralysed or teleported.
You can dig through walls and to a lower floor.
You have a pair of large antennae on your head. (SInv)
Your four strong arms can wield two-handed weapons with a shield.
You are clumsy. (Dex -2)


Message History

The merfolk avatar slams into the unnaturally hard rock wall!
The merfolk avatar is lightly wounded.
You are knocked back by the gust of wind.
You slam into the unnaturally hard rock wall!
The merfolk impaler is knocked back by the gust of wind.
The manticore is knocked back by the gust of wind.
The manticore collides with the merfolk impaler!
The merfolk impaler is lightly wounded.
The manticore is heavily wounded.
The faun unwields a +0 club.
The faun wields a +0 sling.
The faun shoots a sling bullet.
You block the sling bullet with an invisible shield... and reflect it back!
The sling bullet hits the faun!
The wind drake flaps its wings at you. The air twists around and strikes you!!
The manticore misses you. You block the manticore's attack. x2
Unknown command.
You slash the wind drake! You drain the wind drake.
The wind drake is moderately wounded.
You closely miss the merfolk aquamancer.
You slash the manticore! You drain the manticore.
Visions of slaying the merfolk aquamancer flood into your mind.
The wind drake misses you. You block the merfolk impaler's attack.
You block the merfolk aquamancer's attack.
You slash the wind drake! You drain the wind drake.
The wind drake is severely wounded.
You slash the manticore! You drain the manticore.
You kill the manticore!
Okawaru is honoured by your kill.
You hit the merfolk aquamancer. You drain the merfolk aquamancer.
The merfolk avatar chants a haunting song.
You resist. You block the merfolk impaler's attack.
Your base Dodging skill increases to level 7!
You slice the merfolk aquamancer!! You drain the merfolk aquamancer.
The merfolk aquamancer is heavily wounded.
You slice the water elemental!! You slash the merfolk javelineer!
You drain the merfolk javelineer. You block the merfolk impaler's attack.
The merfolk aquamancer casts a spell at you.
The torrent of water hits you!!!
You die...

▓~.~8©8..~▓...8©8...▓
{
▓..)~::=.~▓..|.))...▓
{
▓.~))"//..▓....).)..▓
▓~..~....~▓.........▓
▓.~......~▓.........▓
▓~.~m~~...▓......)..▓
▓.mmk~c..~▓...)))...▓
▓.~mEmm~..▓.▓..)..▓.▓
▓~▓~~@..▓.▓....©....▓
▓~~..©~...▓▓▓▓▓▓▓▓▓▓▓
▓▓▓▓▓▓▓▓▓▓▓


{{{{{{{{ {{{{{{{{{ {{ {{{{{{{{{{{{{{{{{{ {{ {{{{{{{{{{{{{{{{{{ {{{{{ You could
see a merfolk avatar, 2 merfolk impalers, a merfolk javelineer (drained), a
merfolk aquamancer (mesmerising, drained), a wind drake (repels missiles,
drained), a merfolk, a faun and a water elemental.

Vanquished Creatures
  An ironbound thunderhulk (D)
  A mummy priest (D)
  A great orb of eyes (D)
  An ironbound frostheart (D)
  3 centaur warriors (D)
  A death scarab (D)
  A deep elf knight (D)
  2 deep elf zephyrmancers (D)
  A deep elf archer (D)
  A manticore (D)
  A deep elf pyromancer (D)
  A shining eye (D)
  3 cyclopes (D)
  2 yaktaurs (D)
  A polar bear (shapeshifter) (D)
  A slime creature (D)
  A flying skull (D)
  A spriggan (shapeshifter) (D)
  A fire elemental (D)
  3 nagas (D)
  A small abomination (D)
  2 centaurs (D)
  An earth elemental (D)
  2 crimson imps (D)
  A quasit (D)
  5 jellies (D)
  2 iron imps (D)
  A mummy (D)
  3 adders (D)
  2 white imps (D)
  An adder zombie (D)
  2 bat zombies (D)
  4 ball pythons (D)
55 creatures vanquished.

Notes
Turn   | Place    | Note
-------+----------+-------------------------------------------
     0 | D        | fozzywoppz the Formicid Fighter began the quest for the
                  | Orb.
     0 | D        | Reached XP level 1. HP: 18/18 MP: 1/1
     0 | D        | Found a shimmering blue altar of Sif Muna.
     0 | D        | Found a sacrificial altar of Ru.
     0 | D        | Found a bloodstained altar of Trog.
     0 | D        | Found a stormy altar of Qazlal.
     0 | D        | Found an iron altar of Okawaru.
     0 | D        | Found a sparkling altar of Nemelex Xobeh.
     0 | D        | Found a blossoming altar of Fedhas.
     0 | D        | Found the +6 Majin-Bo {spellvamp, MP+6 Int+6}
     0 | D        | Found the +27 heavy crossbow "Sniper" {heavy, Acc+∞ SInv}
     0 | D        | Found the +10 dark maul {heavy}
     0 | D        | Found the +15 Maxwell's patent armour {-Cast -Tele rElec
                  | Will+ rCorr}
     0 | D        | Found the +18 shield of the Gong {Loud rN+ Will+ rCorr
                  | EV-5}
     0 | D        | Found the +16 obsidian axe {drain, demonic, Mesm Drain Fly
                  | SInv}
     0 | D        | Found the +7 great mace "Firestarter" {flame, immolate,
                  | rFlCloud rF++}
     0 | D        | Found the +6 shillelagh "Devastator" {shatter}
     0 | D        | Found the +11 plutonium sword {Contam Stlth-}
     0 | D        | Found the +8 lance "Wyrmbane" {slay drac, rPois rF+ rC+
                  | AC+3}
     0 | D        | Found the +9 sword of Zonguldrok {reap}
     0 | D        | Found the +13 scythe of Curses {drain, curses, Drain}
     0 | D        | Found the +9 sword of Power {lifebolt}
     0 | D        | Found the +7 mace of Variability {chaos, chaos arc}
     0 | D        | Found the +11 Singing Sword {sonic wave}
     0 | D        | Found the +8 storm bow {elec, penet}
     2 | D        | Found a transporter.
     2 | D        | Found an ancient bone altar of Kikubaaqudgha.
     2 | D        | Found a viscous altar of Jiyva.
     2 | D        | Found a corrupted altar of Lugonu.
     2 | D        | Found a hazy altar of Hepliaklqana.
     2 | D        | Found a burning altar of Makhleb.
     2 | D        | Found an opulent altar of Gozag.
    57 | D        | Reached skill level 8 in Shields
    57 | D        | Reached XP level 2. HP: 24/24 MP: 2/2
    80 | D        | Became a worshipper of Warmaster Okawaru
    88 | D        | Entered arena 2.
    88 | D        | Found a transporter.
    92 | D        | Reached XP level 3. HP: 27/30 MP: 3/3
    99 | D        | Entered arena 3.
    99 | D        | Noticed a small abomination
    99 | D        | Found a transporter.
   106 | D        | Reached skill level 9 in Shields
   106 | D        | Reached XP level 4. HP: 25/38 MP: 4/4
   108 | D        | Killed a small abomination
   108 | D        | Reached * piety under Okawaru
   109 | D        | Reached skill level 5 in Fighting
   109 | D        | Reached XP level 5. HP: 32/46 MP: 5/5
   164 | D        | Entered arena 4.
   164 | D        | Found a transporter.
   168 | D        | Reached skill level 10 in Shields
   171 | D        | Reached skill level 5 in Axes
   171 | D        | Reached skill level 1 in Invocations
   183 | D        | Entered arena 5.
   183 | D        | Found a transporter.
   187 | D        | Reached XP level 6. HP: 53/53 MP: 5/7
   207 | D        | Entered arena 6.
   207 | D        | Noticed an ironbound frostheart
   207 | D        | Noticed an ironbound thunderhulk
   207 | D        | Noticed a centaur warrior
   207 | D        | Noticed a great orb of eyes
   207 | D        | Noticed a centaur warrior
   207 | D        | Found a transporter.
   210 | D        | Killed a centaur warrior
   210 | D        | Reached ** piety under Okawaru
   210 | D        | Reached *** piety under Okawaru
   211 | D        | Reached skill level 10 in Armour
   211 | D        | Reached skill level 12 in Shields
   211 | D        | Reached XP level 7. HP: 50/63 MP: 5/11
   211 | D        | Reached XP level 8. HP: 55/69 MP: 5/12
   211 | D        | Killed a centaur warrior
   212 | D        | Reached skill level 13 in Shields
   212 | D        | Reached XP level 9. HP: 59/77 MP: 6/15
   212 | D        | Killed a great orb of eyes
   212 | D        | Reached **** piety under Okawaru
   213 | D        | Reached skill level 10 in Fighting
   213 | D        | Killed an ironbound frostheart
   214 | D        | Reached skill level 14 in Shields
   219 | D        | Killed an ironbound thunderhulk
   220 | D        | Reached skill level 10 in Axes
   220 | D        | Reached skill level 10 in Invocations
   220 | D        | Reached XP level 10. HP: 56/88 MP: 7/17
   314 | D        | Entered arena 7.
   314 | D        | Noticed a death scarab
   314 | D        | Noticed a mummy priest
   316 | D        | Killed a death scarab
   317 | D        | Reached skill level 15 in Shields
   318 | D        | Found a transporter.
   324 | D        | Killed a mummy priest
   324 | D        | Received a gift from Okawaru
   346 | D        | Got the orb "Adiwkaq" {mayhem, Fly rCorr}
   348 | D        | Entered arena 8.
   349 | D        | Found a transporter.
   360 | D        | Reached ***** piety under Okawaru
   361 | D        | Reached skill level 1 in Throwing
   361 | D        | Reached skill level 1 in Dodging
   390 | D        | Entered arena 9.
   390 | D        | Noticed a shining eye
   398 | D        | Reached XP level 11. HP: 96/96 MP: 14/19
   398 | D        | Found a transporter.
   398 | D        | Gained mutation: You are clumsy. (Dex -2) [a shining eye]
   400 | D        | Killed a shining eye
   400 | D        | Received a gift from Okawaru
   415 | D        | Got the +7 battleaxe "Japs" {venom, *Corrode rC++ rN+
                  | Str-2}
   422 | D        | Entered arena 10.
   422 | D        | Noticed a centaur warrior
   422 | D        | Noticed a cyclops
   422 | D        | Noticed a cyclops
   422 | D        | Noticed a cyclops
   423 | D        | Found a transporter.
   426 | D        | Killed a cyclops
   429 | D        | Killed a centaur warrior
   430 | D        | Killed a cyclops
   431 | D        | Reached skill level 5 in Throwing
   431 | D        | Killed a cyclops
   431 | D        | Received a gift from Okawaru
   432 | D        | Reached skill level 5 in Dodging
   471 | D        | Entered arena 11.
   471 | D        | Noticed a deep elf zephyrmancer
   471 | D        | Noticed a deep elf zephyrmancer
   471 | D        | Noticed a deep elf knight
   471 | D        | Noticed a deep elf pyromancer
   471 | D        | Noticed a deep elf archer
   474 | D        | Found a transporter.
   476 | D        | Killed a deep elf pyromancer
   478 | D        | Killed a deep elf zephyrmancer
   478 | D        | Received a gift from Okawaru
   479 | D        | Killed a deep elf knight
   479 | D        | Reached ****** piety under Okawaru
   479 | D        | Identified the +4 broad axe of the Vine {vamp, Int+4}
                  | (Okawaru gifted it to you in the Dungeon)
   479 | D        | Received a gift from Okawaru
   483 | D        | Killed a deep elf zephyrmancer
   487 | D        | Killed a deep elf archer
   496 | D        | Got the ring "Waolim" {Fire Int-4 Dex+6}
   513 | D        | Entered arena 12.
   513 | D        | Noticed a merfolk impaler
   513 | D        | Noticed a merfolk avatar
   513 | D        | Noticed a manticore
   513 | D        | Noticed a faun
   514 | D        | Noticed a merfolk javelineer
   514 | D        | Noticed a merfolk aquamancer
   514 | D        | Noticed a merfolk impaler
   515 | D        | Found a transporter.
   522 | D        | Killed a manticore
   523 | D        | Killed from afar by a merfolk aquamancer

Illustrated notes

Levels and vault maps discovered:
D:        sprint_v [room_start, room_1, room_2, room_3, room_4, room_5, room_6,
          room_7, room_8, room_9, room_10, room_11, room_12, room_13, room_14,
          room_15, room_16, room_17, room_18, room_19, room_20, room_21,
          room_22, room_23, room_24, room_25, room_26, room_27]

Skill      XL: |  1  2  3  4  5  6  7  8  9 10 11 |
---------------+----------------------------------+-----
Armour         | 6 7 8 10 11 12 13 | 13.4
Shields        | 8 9 10 12 13 14 15 | 15.7
Fighting       | 4 5 6 8 9 11 12 14 | 14.7
Axes           | 3 4 5 7 8 10 11 13 | 13.4
Invocations    | 2 6 8 10 11 | 11.6
Throwing       | 2 7 |  7.8
Dodging        | 2 7 |  7.1

Action                     |  1- 3 |  4- 6 |  7- 9 | 10-12 || total
---------------------------+-------+-------+-------+-------++-------
  Melee: Broad axe         |     8 |    17 |     5 |    54 ||    84
 Invoke: Heroism           |       |     1 |       |     1 ||     2
         Finesse           |       |       |       |     1 ||     1
  Evoke: Wand              |       |       |       |     6 ||     6
    Use: Potion            |     1 |       |       |       ||     1
 Armour: Gold dragon scale |    19 |     3 |     1 |    27 ||    50
  Dodge: Dodged            |     1 |     1 |       |    14 ||    16
  Block: Tower shield      |    22 |    34 |     2 |    97 ||   155
         Reflection        |       |     9 |       |    20 ||    29

Table legend: (Time is in decaauts)
 A = Elapsed time spent in this place.
 B = Non-inter-level travel time spent in this place.
 C = Inter-level travel time spent in this place.
 D = Time resting spent in this place.
 E = Time spent auto-exploring this place.
 F = Levels seen in this place.
 G = Mean time per level.
                   A        B        C        D        E       F      G
               +--------+--------+--------+--------+--------+-----+--------+
         Total |    536 |    536 |      0 |    129 |      0 |   1 |  536.0 |
       Dungeon |    536 |    536 |      0 |    129 |      0 |   1 |  536.0 |
               +--------+--------+--------+--------+--------+-----+--------+

Top non-repeatable levels by time:
       D: 536 daAuts
